 Dungeon Crawl Stone Soup version 0.30-a0-782-ge64f9170bb (webtiles) character file.

Game seed: 12681743048518321741

10137 vineage the Fighter (level 11, -1/76 HPs)
             Began as a Gargoyle Fighter on Feb 23, 2023.
             Was a Priest of Okawaru.
             Slain by a boulder beetle (8 damage)
             ... on level 11 of the Dungeon.
             The game lasted 00:10:36 (10673 turns).

vineage the Fighter (Gargoyle Fighter)             Turns: 10673, Time: 00:10:37

Health: -1/76      AC: 28    Str: 25    XL:     11   Next: 57%
Magic:  11/11      EV:  7    Int:  8    God:    Okawaru [***...]
Gold:   529        SH:  5    Dex: 15    Spells: 10/10 levels left

rFire   . . .      SeeInvis .    x - +2 flail (heavy)
rCold   . . .      Faith    .    c - +0 buckler
rNeg    + . .      Spirit   .    k - +0 plate armour
rPois   ∞          Reflect  .    (no helmet)
rElec   +          Harm     .    (no cloak)
rCorr   .          Rampage  .    f - +0 pair of gloves
Will    .....                    (no boots) Stlth
                                 (no amulet)
HPRegen 0.32/turn                d - +6 ring of dexterity
MPRegen 0.12/turn                A - +4 ring of protection

@: no status effects
A: sickness immunity, AC +8, negative energy resistance 1, electricity
resistance, torment resistance 1, petrification resistance
a: Renounce Religion, Heroism


You were on level 11 of the Dungeon.
You worshipped Okawaru.
Okawaru was most pleased with you.
You visited 2 branches of the dungeon, and saw 12 of its levels.

You collected 529 gold pieces.

Inventory:

Hand Weapons
 q - the +1 whip "Xubun" {drain, Int+4 Stlth+}
   (You found it on level 4 of the Dungeon)

   Int:       It affects your intelligence (+4).
   Stlth:     It makes you more stealthy.
 x - a +2 heavy flail (weapon)
Missiles
 t - 2 throwing nets (quivered)
Armour
 b - a +1 scale mail
 c - a +0 buckler (worn)
 f - a +0 pair of gloves (worn)
 k - a +0 plate armour (worn)
Jewellery
 a - a ring of magical power
 d - a +6 ring of dexterity (left hand)
 p - a ring of magical power
 A - a +4 ring of protection (right hand)
Wands
 h - a wand of quicksilver (4)
 r - a wand of charming (18)
 v - a wand of digging (7)
 y - a wand of mindburst (17)
 D - a wand of roots (6)
 F - a wand of flame (7)
Scrolls
 o - 2 scrolls of amnesia
 s - 2 scrolls of enchant armour
 u - 3 scrolls of teleportation
Potions
 e - 2 potions of brilliance
 g - a potion of ambrosia {unknown}
 i - 2 potions of cancellation
 j - 5 potions of curing
 l - a potion of flight
 m - 3 potions of heal wounds
 n - 3 potions of mutation
 w - 2 potions of lignification {unknown}
 z - a potion of berserk rage {unknown}
 B - a potion of haste
 C - a potion of resistance {unknown}


   Skills:
 + Level 11.8 Fighting
 + Level 10.6 Maces & Flails
 + Level 11.8 Armour
 - Level 3.2 Shields


You had 10 spell levels left.
You didn't know any spells.
Your spell library contained the following spells:

 Spells                   Type           Power      Damage    Failure   Level
 Sting                    Tmut/Pois      0%         1d3       99%         1
 Poisonous Vapours        Pois/Air       0%         N/A       100%        2
 Olgreb's Toxic Radiance  Pois           0%         N/A       100%        4
 Passage of Golubria      Tloc           0%         N/A       100%        4
 Petrify                  Tmut/Erth      0%         N/A       100%        4
 Alistair's Intoxication  Tmut/Pois      0%         N/A       100%        5
 Borgnjor's Vile Clutch   Necr/Erth      0%         N/A       100%        5
 Irradiate                Conj/Tmut      0%         3d11      100%        5
 Iskenderun's Battlesphe  Conj           0%         2d6       100%        5
 Yara's Violent Unravell  Hex/Tmut       0%         3d3       100%        5
 Eringya's Noxious Bog    Tmut/Pois      0%         N/A       100%        6
 Iron Shot                Conj/Erth      0%         9d1       100%        6
 Sublimation of Blood     Necr           Unusable   N/A       N/A         2
 Tukima's Dance           Hex            Unusable   N/A       N/A         3
 Spellforged Servitor     Conj/Summ      Unusable   N/A       N/A         7

Dungeon Overview and Level Annotations

Branches:
Dungeon (11/15)            Temple (1/1) D:7            Lair (0/5) D:10
    Orc: D:9-12

Altars:
Ashenzari
Cheibriados
Dithmenos
Elyvilon
Fedhas
Gozag
Hepliaklqana
Kikubaaqudgha
Makhleb
Nemelex Xobeh
Okawaru
Trog
Zin
The Shining One


Innate Abilities, Weirdness & Mutations

You are immune to sickness and miasma.
Your stone body is resilient. (AC +8)
You are immune to poison.
You resist negative energy. (rN+)
You are resistant to electric shocks. (rElec)
You are resistant to unholy torment.
You are immune to petrification.


Message History

The orc shouts!
You sock the yak!
The yak is lightly wounded.
You block the yak's attack.
The boulder beetle leaps!
You hit the yak.
The yak is moderately wounded.
You hear the beating of a very distant drum.
The yak gores you.
You thump the yak!
The yak is heavily wounded.
The yak gores you but does no damage. You block the yak's attack.
You bludgeon the yak!!
The yak is almost dead.
The boulder beetle curls into a ball and begins rolling!
The yak gores you but does no damage.
The orc priest mumbles some strange prayers to Beogh against you.
Beogh smites you!
* * * LOW HITPOINT WARNING * * *
You bludgeon the yak!!
You kill the yak!
Okawaru accepts your kill.
You closely miss the orc. The orc barely misses you.
The boulder beetle stops rolling and uncurls.
The orc priest mumbles some strange prayers to Beogh against you.
Beogh smites you!
* * * LOW HITPOINT WARNING * * *
You bludgeon the orc wizard!!
You kill the orc wizard!
Okawaru accepts your kill.
The boulder beetle curls into a ball and begins rolling!
You thump the boulder beetle!
The boulder beetle is almost dead.
The boulder beetle stops rolling and uncurls.
You block the boulder beetle's attack.
The boulder beetle bites you but does no damage.
The boulder beetle leaps!
You hit the boulder beetle but do no damage.
The boulder beetle is almost dead.
The boulder beetle bites you!
You die...

#.#####
#.....#
#####.# #.#
#.# #.# #.# #
#.# . #@# .##
##B###..##.
#{oo{......
###°o).......
#...........#
#...........#
#......##...o
.........#
....
####......
...


You could see a boulder beetle and 3 orcs.

Vanquished Creatures
  The ghost of triviadave the Severer, a journeyman MiBe of Trog (D:10)
  The ghost of hackum the Cudgeller, a novice TrFi of Okawaru (D:4)
  Pikel (D:9)
  An ugly thing (D:10)
  An unseen horror (D:5)
  2 trolls (D:10)
  A shadow (D:9)
  A wraith (D:10)
  Eustachio (D:5)
  A wyvern (D:10)
  13 yaks
  2 steam dragons
  Edmund (D:5)
  An acid dragon (D:9)
  A sky beast (D:6)
  2 ice beasts (D:6)
  3 orc warriors
  3 black bears (D:7)
  6 wolves (D:10)
  4 centaurs
  3 phantoms
  2 lemures (D:9)
  2 bullfrogs
  A necrophage (D:6)
  2 scorpions
  25 killer bees
  4 howler monkeys
  5 hounds
  3 quasits (D:4)
  A jelly (D:6)
  4 orc priests
  2 gnoll boudas
  Ijyb (D:3)
  12 orc wizards
  4 iguanas
  11 gnolls
  5 adders
  A shadow imp (D:7)
  2 ufetubi
  4 dart slugs
  27 orcs
  8 bats
  8 endoplasms
  5 giant cockroaches
  9 goblins
  6 hobgoblins
  3 quokkas
  5 ball pythons
  A frilled lizard (D:3)
  7 kobolds
  11 rats
231 creatures vanquished.

Vanquished Creatures (others)
  13 fungi (D:10)
13 creatures vanquished.

Grand Total: 244 creatures vanquished

Notes
Turn   | Place    | Note
-------+----------+-------------------------------------------
     0 | D:1      | vineage the Gargoyle Fighter began the quest for the Orb.
     0 | D:1      | Reached XP level 1. HP: 14/14 MP: 1/1
    82 | D:1      | Reached XP level 2. HP: 19/19 MP: 2/2
   543 | D:1      | Reached XP level 3. HP: 24/24 MP: 3/3
  1384 | D:2      | Reached XP level 4. HP: 27/29 MP: 4/4
  1811 | D:3      | Reached XP level 5. HP: 21/34 MP: 5/5
  1889 | D:3      | Found a blossoming altar of Fedhas.
  2002 | D:3      | Noticed Ijyb
  2029 | D:3      | Killed Ijyb
  2678 | D:4      | Found a transporter.
  2685 | D:4      | Noticed hackum's ghost (novice TrFi)
  2692 | D:4      | Found a transporter.
  2703 | D:4      | Identified the +1 whip "Xubun" {drain, Int+4 Stlth+}
  2842 | D:4      | Noticed a phantom
  2861 | D:4      | Killed a phantom
  2862 | D:4      | Reached skill level 5 in Fighting
  2862 | D:4      | Reached skill level 5 in Armour
  2862 | D:4      | Reached XP level 6. HP: 26/40 MP: 6/6
  3621 | D:4      | Reached XP level 7. HP: 30/44 MP: 7/7
  3642 | D:4      | HP: 2/44 [hackum's ghost (14)]
  3661 | D:4      | HP: 2/44 [hackum's ghost (6)]
  3667 | D:4      | HP: 2/44 [hackum's ghost (5)]
  3668 | D:4      | Killed hackum's ghost
  3669 | D:4      | Reached skill level 5 in Maces & Flails
  3669 | D:4      | Reached XP level 8. HP: 3/52 MP: 8/8
  3898 | D:5      | Entered Level 5 of the Dungeon
  4017 | D:5      | Noticed Eustachio
  4322 | D:5      | Killed an unseen horror
  4403 | D:5      | Killed Eustachio
  4532 | D:5      | Reached XP level 9. HP: 56/58 MP: 9/9
  4599 | D:5      | Noticed Edmund
  4616 | D:5      | Killed Edmund
  4817 | D:5      | Identified the +4 mace of Puetysodd {flame, rN+ Str+6}
  5874 | D:7      | You fall into a shaft and drop 3 floors!
  5874 | D:10     | Entered Level 10 of the Dungeon
  5887 | D:10     | Noticed a troll
  5917 | D:10     | Killed a troll
  6224 | D:10     | Found a staircase to the Lair.
  6430 | D:10     | Reached XP level 10. HP: 36/66 MP: 10/10
  6874 | D:9      | Noticed Pikel
  6914 | D:9      | Killed Pikel
  6915 | D:9      | Reached skill level 10 in Fighting
  6915 | D:9      | Reached skill level 10 in Armour
  7086 | D:7      | Found a broken altar of Ashenzari.
  7322 | D:7      | Found a staircase to the Ecumenical Temple.
  7336 | Temple   | Entered the Ecumenical Temple
  7344 | Temple   | Became a worshipper of Warmaster Okawaru
  7462 | D:7      | Found a sparkling altar of Nemelex Xobeh.
  8007 | D:8      | Found a burning altar of Makhleb.
  8208 | D:8      | Reached * piety under Okawaru
  8793 | D:9      | Reached XP level 11. HP: 73/73 MP: 11/11
  8797 | D:9      | Reached ** piety under Okawaru
  8811 | D:9      | Reached skill level 10 in Maces & Flails
 10004 | D:10     | Found a runed translucent door.
 10005 | D:10     | Noticed triviadave's ghost (journeyman MiBe)
 10005 | D:10     | Noticed a cyan ugly thing
 10384 | D:10     | Killed triviadave's ghost
 10388 | D:10     | Killed a cyan ugly thing
 10388 | D:10     | Reached *** piety under Okawaru
 10624 | D:11     | Noticed a boulder beetle
 10628 | D:11     | Noticed a boulder beetle
 10673 | D:11     | Slain by a boulder beetle

Illustrated notes

Levels and vault maps discovered:
D:1:      psy_arrival_radial02, layout_loops_ring
D:2:      layout_basic
D:3:      layout_basic, mainiacjoe_overflow_brackets, uniq_ijyb
D:4:      layout_loops_ring, gammafunk_ghost_stat_death
D:5:      layout_loops_cross, uniq_edmund, uniq_eustachio
D:6:      layout_basic, grunt_ministairs_1, minmay_liquid_box
D:7:      layout_basic, nemelex_diamond_rough_becter,
          ashenzari_conservatory_becter, minmay_temple_entry_grid
D:8:      layout_cave_pods, marbit_many_paths
D:9:      layout_loops_corners, enter_bailey_2, uniq_pikel
D:10:     layout_loops_corners, erik_lair_island, ebering_ghost_inner_flame,
          dreamdust_mushroom_princess
D:11:     layout_loops_corners, erik_orc_4, gauntlet_entry_generic,
          kennysheep_decorative_pillar
Temple:   eino_narrow_crystal_temple

Skill      XL: |  1  2  3  4  5  6  7  8  9 10 11 |
---------------+----------------------------------+-----
Fighting       | 4 5 6 7 9 10 11 | 11.8
Armour         | 4 5 6 7 9 10 11 | 11.8
Maces & Flails | 3 4 5 6 8 9 10 | 10.6
Shields        | |  3.2

Action                     |  1- 3 |  4- 6 |  7- 9 | 10-12 || total
---------------------------+-------+-------+-------+-------++-------
  Melee: Flail             |   122 |   131 |   130 |   303 ||   686
         Whip              |       |    80 |   188 |       ||   268
 Invoke: Heroism           |       |       |       |     2 ||     2
    Use: Scroll            |     4 |     7 |     5 |     8 ||    24
         Potion            |       |     2 |     8 |       ||    10
 Armour: Scale mail        |    74 |   192 |   238 |       ||   504
         Plate armour      |       |       |    72 |   300 ||   372
  Dodge: Dodged            |    49 |   134 |   135 |   149 ||   467
  Block: Buckler           |    15 |    45 |   101 |    99 ||   260

Table legend: (Time is in decaauts)
 A = Elapsed time spent in this place.
 B = Non-inter-level travel time spent in this place.
 C = Inter-level travel time spent in this place.
 D = Time resting spent in this place.
 E = Time spent auto-exploring this place.
 F = Levels seen in this place.
 G = Mean time per level.
                   A        B        C        D        E       F      G
               +--------+--------+--------+--------+--------+-----+--------+
         Total |  10883 |  10445 |    438 |   1088 |   7299 |  12 |  906.9 |
       Dungeon |  10866 |  10443 |    423 |   1088 |   7299 |  11 |  987.8 |
        Temple |     16 |      1 |     15 |      0 |      0 |   1 |   16.0 |
               +--------+--------+--------+--------+--------+-----+--------+

Top non-repeatable levels by time:
    D:10: 1661 daAuts
     D:9: 1506 daAuts
     D:4: 1239 daAuts
     D:8: 995 daAuts
     D:5: 995 daAuts
     D:6: 980 daAuts
     D:1: 927 daAuts
     D:3: 901 daAuts
     D:2: 884 daAuts
     D:7: 666 daAuts
    D:11: 108 daAuts
  Temple: 16 daAuts
